 Dungeon Crawl Stone Soup version 0.17.1-3-g152610e (webtiles) character file.

1501 senseless the Fighter (level 8, -1/66 HPs)
             Began as a Hill Orc Fighter on Mar 7, 2016.
             Was a Follower of Beogh.
             Slain by an orc warrior
             ... wielding a +0 short sword
              (5 damage)
             ... on level 7 of the Dungeon.
             The game lasted 00:19:56 (5482 turns).

senseless the Fighter (Hill Orc Fighter)            Turns: 5482, Time: 00:19:56

Health: -1/66      AC: 18    Str: 21    XL:     8   Next: 81%
Magic:  8/8        EV:  6    Int:  8    God:    Beogh [*.....]
Gold:   348        SH: 11    Dex: 14    Spells: 0 memorised, 7 levels left

rFire  . . .     SeeInvis +     a - +1 long sword
rCold  x . .     Clarity  .     f - +1 plate armour
rNeg   . . .     SustAt   +     c - +0 shield
rPois  .         Gourm    .     g - +2 helmet
rElec  .         Spirit   .     p - +2 cloak
rCorr  .         Warding  .     w - +0 pair of gloves
rMut   .         Stasis   .     h - +0 pair of boots
MR     .....                    (no amulet)
Stlth  ..........               q - +4 ring of dexterity
                                z - ring of the Good {SustAt rC- Slay+5 SInv}

@: short of breath, not resistant to hostile enchantments, extremely unstealthy
A: repulsion field 1, blurry vision 1, breathe flames 1, deformed body, frail 1,
evolution 1
a: Renounce Religion, Breathe Fire


You were on level 7 of the Dungeon.
You worshipped Beogh.
Beogh was aware of your devotion.
You were not hungry.

You visited 1 branch of the dungeon, and saw 7 of its levels.

You collected 348 gold pieces.

Inventory:

Hand Weapons
 a - a +1 long sword (weapon)
 o - a +3 quarterstaff of chaos
Armour
 b - a +0 scale mail
 c - a +0 shield (worn)
 f - a +1 plate armour (worn)
 g - a +2 helmet (worn)
 h - a +0 pair of boots (worn)
 k - a +0 pair of gloves
 p - a +2 cloak (worn)
 w - a +0 pair of gloves (worn)
 B - the cursed +0 ring mail "Xuitases" {rN+, unknown}
   (You found it on level 7 of the Dungeon)

   It protects you from negative energy.
   It has a curse placed upon it.
 D - a +0 shield
Jewellery
 n - an uncursed ring of flight
 q - a +4 ring of dexterity (right hand)
 u - an uncursed ring of teleportation
 z - the ring of the Good (left hand) {SustAt rC- Slay+5 SInv}
   (You found it on level 6 of the Dungeon)

   [ring of sustain attributes]

   It sustains your strength, intelligence and dexterity.
   It affects your accuracy and damage with ranged weapons and melee attacks
   (+5).
   It makes you vulnerable to cold.
   It lets you see invisible.
Wands
 y - a wand of draining (8)
 A - a wand of confusion (16)
 G - a wand of fire (5)
Scrolls
 d - 2 scrolls of recharging {unknown}
 i - 2 scrolls of identify
 j - a scroll of remove curse
 t - a scroll of teleportation
 v - 2 scrolls of immolation
 x - 2 scrolls of noise {unknown}
 C - a scroll of blinking {unknown}
Potions
 m - a potion of curing
 r - 2 potions of poison {unknown}
 s - a potion of might
Books
 E - a book of Necromancy

   Spells                             Type                      Level
   a - Pain                           Necromancy                   1
   b - Animate Skeleton               Necromancy                   1
   c - Vampiric Draining              Necromancy                   3
   d - Regeneration                   Charms/Necromancy            3
   e - Animate Dead                   Necromancy                   4
   f - Control Undead                 Necromancy                   4
Comestibles
 e - 3 bread rations
 l - 7 fruits
 F - 6 chunks of flesh


   Skills:
 * Level 8.2 Fighting
 * Level 7.3 Long Blades
 + Level 5.5 Armour
 + Level 5.6 Shields


You had 7 spell levels left.
You didn't know any spells.

Dungeon Overview and Level Annotations

Branches:
Dungeon (7/15)
 Temple: D:4-7

Altars:
Dithmenos
Fedhas
Okawaru

Shops:
D:5 [


Innate Abilities, Weirdness & Mutations

You are surrounded by a mild repulsion field (EV +2).
Scrolls take you a little longer to read.
You can breathe flames.
Armour fits poorly on your strangely shaped body.
You are frail (-10% HP).
You evolve.


Message History

You feel somewhat more hungry. You block the orc warrior's attack.
The orc hits you but does no damage.
You closely miss the orc wizard.
The orc wizard is heavily wounded.
The orc warrior hits you but does no damage.
You block the orc's attack.
The orc wizard hits you but does no damage.
The orc hits you but does no damage.
You hit the orc wizard.
The orc wizard is almost dead.
The orc barely misses you. You block the orc warrior's attack.
The orc wizard hits you but does no damage.
The orc hits you with a hand axe.
* * * LOW HITPOINT WARNING * * *
You slash the orc wizard!
You kill the orc wizard!
Beogh accepts your kill.
The orc warrior hits you with a short sword.
You die...
Beogh appreciates the orc warrior's killing of a heretic priest.

#.....#.# ###+## #.# #....##.#
##...## #.# #.......# ##.....##
##.#### ###.#.### ##.......##
##.....#
#####....####.........####...##.#
............+.........'..<....#.#
#####....####.........#.##...#...
#.#.## ##.......##.#........
#.### ##)@o..###.#.#.##... ...
##oo.## #.....##### ..# ##)##
###.### ... ... #.# #. ##..# #.#
#..# #.# ...# #.# .... #.# ...#
#.#


You could see an orc warrior and 2 orcs.

Vanquished Creatures
  An orc warrior (D:7)
  A sky beast (D:7)
  A centaur (D:7)
  An ice beast (D:6)
  2 ogres
  2 giant frogs (D:7)
  A scorpion (D:5)
  A giant frog zombie (D:5)
  4 crimson imps
  3 hounds
  2 orc wizards
  Crazy Yiuf (D:3)
  3 orc priests
  3 worker ants
  Terence (D:2)
  2 iguanas
  A river rat (D:6)
  A worker ant zombie (D:7)
  11 adders
  An ooze (D:2)
  An adder skeleton (D:5)
  4 worms
  3 giant geckos
  7 orcs
  6 bats
  7 giant cockroaches
  3 goblins
  8 hobgoblins
  2 jackals (D:3)
  3 quokkas
  6 giant newts
  6 kobolds
  A quokka skeleton (D:4)
  12 rats
112 creatures vanquished.

Vanquished Creatures (others)
  An orc wizard (D:5)
1 creature vanquished.

Grand Total: 113 creatures vanquished

Notes
Turn   | Place    | Note
--------------------------------------------------------------
     0 | D:1      | senseless the Hill Orc Fighter began the quest for the Orb.
     0 | D:1      | Reached XP level 1. HP: 19/19 MP: 1/1
   319 | D:1      | Reached XP level 2. HP: 27/27 MP: 2/2
   860 | D:2      | Found a blossoming altar of Fedhas.
   866 | D:2      | Reached skill level 4 in Fighting
   866 | D:2      | Reached XP level 3. HP: 19/33 MP: 3/3
  1129 | D:2      | Found an iron altar of Okawaru.
  1184 | D:2      | Reached XP level 4. HP: 38/41 MP: 4/4
  1356 | D:3      | Noticed Terence
  1384 | D:2      | Killed Terence
  1409 | D:2      | HP: 2/41 [poisoned by Terence]
  2017 | D:3      | Reached XP level 5. HP: 42/47 MP: 5/5
  2236 | D:3      | Noticed Crazy Yiuf
  2243 | D:3      | Killed Crazy Yiuf
  2721 | D:4      | Reached skill level 5 in Fighting
  2860 | D:5      | Entered Level 5 of the Dungeon
  3072 | D:5      | Noticed an ogre
  3084 | D:5      | Killed an ogre
  3084 | D:5      | Reached skill level 5 in Long Blades
  3084 | D:5      | Reached XP level 6. HP: 4/56 MP: 6/6
  3636 | D:5      | Reached XP level 7. HP: 62/62 MP: 7/7
  3777 | D:5      | Reached skill level 6 in Fighting
  3791 | D:5      | Became a worshipper of Beogh the Brigand
  3871 | D:5      | Found Enel's Antique Armour Emporium.
  4278 | D:6      | Found a shadowy altar of Dithmenos.
  4528 | D:6      | Reached skill level 7 in Fighting
  4528 | D:6      | Reached skill level 5 in Shields
  4528 | D:6      | Reached XP level 8. HP: 54/73 MP: 8/8
  4609 | D:6      | Got a vibrating tin ring
  4611 | D:6      | Identified the ring of the Good {SustAt rC- Slay+5 SInv} (You found it on level 6 of the Dungeon)
  4977 | D:6      | Reached skill level 5 in Armour
  5180 | D:7      | Reached * piety under Beogh
  5324 | D:7      | Got a fine ring mail
  5419 | D:7      | Gained mutation: You are surrounded by a mild repulsion field (EV +2). [mutagenic meat]
  5420 | D:7      | Gained mutation: You evolve. [mutagenic meat]
  5421 | D:7      | Gained mutation: Scrolls take you a little longer to read. [mutagenic meat]
  5422 | D:7      | Gained mutation: You are frail (-10% HP). [mutagenic meat]
  5423 | D:7      | Gained mutation: Armour fits poorly on your strangely shaped body. [mutagenic meat]
  5424 | D:7      | Gained mutation: You can breathe flames. [mutagenic meat]
  5441 | D:7      | Reached skill level 8 in Fighting
  5482 | D:7      | Slain by an orc warrior

Action                   |  1- 3 |  4- 6 |  7- 9 || total
-------------------------+-------+-------+-------++-------
Melee: Long sword        |   136 |   236 |   244 ||   616
Invok: Convert to Beogh  |       |       |     1 ||     1
 Abil: Breathe Fire      |       |       |     1 ||     1
  Use: Scroll            |     1 |     8 |     2 ||    11
       Potion            |       |     7 |     1 ||     8
  Eat: Chunk             |     1 |     8 |    10 ||    19
       Beef jerky        |       |       |     2 ||     2
